 Dungeon Crawl Stone Soup version 0.29.1 (webtiles) character file.

Game seed: 12340042745031982383

172 Hallazi the Poker (level 5, -3/53 HPs)
             Began as a Troll Fighter on Sept 13, 2022.
             Killed by divine providence
             ... invoked by an orc priest
              (10 damage)
             ... on level 3 of the Dungeon.
             The game lasted 00:15:59 (1549 turns).

Hallazi the Poker (Troll Fighter)                   Turns: 1549, Time: 00:16:00

Health: -3/53      AC:  4    Str: 26    XL:     5   Next: 27%
Magic:  4/4        EV:  9    Int:  4    God:
Gold:   101        SH:  7    Dex:  9    Spells: 4/4 levels left

rFire   . . .      SeeInvis .   a - +0 trident
rCold   + . .      Faith    .   c - +0 kite shield
rNeg    . . .      Spirit   .   b - +0 robe
rPois   .          Reflect  .   (helmet restricted)
rElec   .          Harm     .   (no cloak)
rCorr   .          Rampage  .   (gloves unavailable)
Will    .....                   (boots unavailable)
Stlth   +.........              (no amulet)
HPRegen 0.97/turn               g - ring of protection from cold
MPRegen 0.09/turn               (no ring)

@: no status effects
A: large, unfitting armour, claws 3, regeneration 1, shaggy fur 1, tough skin 1
a: no special abilities


You were on level 3 of the Dungeon.
You visited 1 branch of the dungeon, and saw 3 of its levels.

You collected 101 gold pieces.

Inventory:

Hand Weapons
 a - a +0 trident (weapon)
Missiles
 j - a throwing net (quivered)
Armour
 b - a +0 robe (worn)
 c - a +0 kite shield (worn)
 s - a +2 leather armour of willpower
Jewellery
 g - a ring of protection from cold (left claw)
Wands
 d - a wand of light (6)
Scrolls
 l - 3 scrolls of teleportation {unknown}
 p - a scroll of immolation {unknown}
 r - 3 scrolls of identify {unknown}
 t - a scroll of magic mapping {unknown}
Potions
 e - 4 potions of curing
 h - a potion of haste {unknown}
 i - a potion of lignification {unknown}
 k - a potion of berserk rage {unknown}
 m - 3 potions of brilliance {unknown}
 n - a potion of attraction {unknown}
 o - 2 potions of mutation {unknown}
 q - a potion of heal wounds


   Skills:
 * Level 3.1 Fighting
 * Level 3.3 Polearms
 * Level 3.1 Dodging
 - Level 3.0 Shields


You had 4 spell levels left.
You didn't know any spells.
Your spell library was empty.

Dungeon Overview and Level Annotations

Branches:
Dungeon (3/15)

Altars:
Dithmenos
Makhleb
Ru
The Shining One

Shops:
D:2 [


Innate Abilities, Weirdness & Mutations

You are too large for most types of armour.
You have claws for hands.
Your natural rate of healing is unusually fast.
You are covered in fur. (AC +1)
You have tough skin. (AC +1)


Message History

The orc hits you with a +0 dagger.
* * * LOW HITPOINT WARNING * * *
You block the orc's attack. The orc hits you but does no damage.
The orc barely misses you. The orc attacks as you move away!
The orc hits you but does no damage.
The orc wizard attacks as you move away!
The orc wizard hits you but does no damage.
The orc wizard points at you and mumbles some strange words.
The puff of flame hits you!
* * * LOW HITPOINT WARNING * * *
You see here a giant cockroach corpse.
The orc attacks as you move away! The orc hits you with a +0 whip.
* * * LOW HITPOINT WARNING * * *
The orc attacks as you move away! The orc misses you.
The orc throws a boomerang.
You block the boomerang.
It was a potion of curing.
You feel better. The orc hits you with a +0 whip.
* * * LOW HITPOINT WARNING * * *
You feel better. The orc wizard barely misses you.
The orc throws a boomerang.
The boomerang closely misses you. The orc hits you with a +0 whip.
* * * LOW HITPOINT WARNING * * *
You barely miss the orc wizard.
The orc wizard is severely wounded.
The orc wizard hits you but does no damage.
You block the orc's attack. The orc hits you with a +0 whip.
* * * LOW HITPOINT WARNING * * *
The orc closely misses you.
The orc wizard gestures at you while chanting.
The magic dart hits you.
* * * LOW HITPOINT WARNING * * *
You puncture the orc wizard!
You kill the orc wizard!
The orc closely misses you. The orc hits you with a +0 whip.
* * * LOW HITPOINT WARNING * * *
The orc attacks as you move away! The orc closely misses you.
You block the goblin's attack.
The orc throws a boomerang.
The boomerang hits you but does no damage.
The goblin attacks as you move away! The goblin barely misses you.
The orc priest mumbles some strange prayers to Beogh against you.
Beogh smites you!
You die...

..#_...#............
.......#...........
#_.⌠./...........
#....#...†....# .
#_...#..†.o...####..
##..##.....o......#.
####....goo........
#................
#......#@..#.###.
########...# # #...#
#.⌠.# #.>.###...####
#............#
###........8.#
#..........#
####.......####
#..........#


You could see an orc priest, 3 orcs and a goblin.

Vanquished Creatures
  An orc wizard (D:3)
  Natasha (thrice) (D:3)
  3 gnolls (D:3)
  A worm (D:2)
  An orc (D:3)
  2 bats (D:1)
  6 endoplasms
  2 giant cockroaches
  3 goblins
  2 hobgoblins
  4 jackals
  2 kobolds
  A quokka (D:1)
  A ball python (D:2)
  4 frilled lizards
  8 rats
44 creatures vanquished.

Vanquished Creatures (others)
  5 plants (D:3)
5 creatures vanquished.

Grand Total: 49 creatures vanquished

Notes
Turn   | Place    | Note
-------+----------+-------------------------------------------
     0 | D:1      | Hallazi the Troll Fighter began the quest for the Orb.
     0 | D:1      | Reached XP level 1. HP: 22/22 MP: 0/0
   131 | D:1      | Reached XP level 2. HP: 26/29 MP: 1/1
   463 | D:2      | Found Varesk's Armour Shop.
   594 | D:2      | Reached XP level 3. HP: 36/36 MP: 2/2
   609 | D:2      | Found a faded altar of an unknown god.
   812 | D:2      | Found a glowing golden altar of the Shining One.
  1326 | D:3      | Reached XP level 4. HP: 7/44 MP: 3/3
  1394 | D:3      | Noticed Natasha
  1405 | D:3      | Killed Natasha
  1419 | D:3      | Noticed Natasha
  1445 | D:3      | Killed Natasha
  1517 | D:3      | Found a burning altar of Makhleb.
  1517 | D:3      | Found a shadowy altar of Dithmenos.
  1517 | D:3      | Found a sacrificial altar of Ru.
  1517 | D:3      | Noticed Natasha
  1530 | D:3      | Killed Natasha
  1531 | D:3      | Reached XP level 5. HP: 32/53 MP: 4/4
  1542 | D:3      | HP: 1/53 [orc/+0 whip (2)]
  1549 | D:3      | Killed from afar by an orc priest

Illustrated notes

Levels and vault maps discovered:
D:1:      onia_arrival_handbag, layout_rooms, st_stairs_6
D:2:      layout_loops_ring, serial_shops, nicolae_diamond_shop, basic_altar,
          nicolae_ecumenical_oubliette
D:3:      layout_rooms, gammafunk_temple_overflow_forgotten,
          minmay_misc_feat_pillars, nicolae_elevator_lobby_asterisk, uniq_robin,
          uniq_natasha

Skill      XL: |  1  2  3  4 |
---------------+-------------+-----
Shields        | 3 |  3.0
Polearms       | 2 3 |  3.3
Fighting       | 3 |  3.1
Dodging        | 3 |  3.1

Action                   |  1- 3 |  4- 6 || total
-------------------------+-------+-------++-------
Melee: Trident           |   107 |    54 ||   161
  Use: Potion            |     2 |     2 ||     4
Armor: Robe              |    29 |    22 ||    51
Dodge: Dodged            |    36 |    25 ||    61
Block: Kite shield       |    46 |    19 ||    65
